 Dungeon Crawl Stone Soup version 0.30-a0-393-g54b8e3be05 (webtiles) character file.

Game seed: 17890216386665589597

56633 NinjaNoafa the Fighter (level 14, -21/134 HPs)
             Began as a Hill Orc Monk on Dec 5, 2022.
             Was the Champion of Cheibriados.
             Killed from afar by a merfolk aquamancer (37 damage)
             ... with a torrent of water
             ... on level 1 of the Shoals.
             The game lasted 00:37:42 (20375 turns).

NinjaNoafa the Fighter (Hill Orc Monk)             Turns: 20375, Time: 00:37:43

Health: -21/134    AC: 28    Str: 34    XL:     14   Next: 82%
Magic:  23/23      EV: 20    Int: 27    God:    Cheibriados [******]
Gold:   599        SH:  2    Dex: 28    Spells: 13/13 levels left

rFire   + + .      SeeInvis .    b - +8 hammer "Huacvor" {vamp, rF++ rN+ Int+2}
rCold   + . .      Faith    .    (no shield)
rNeg    + . .      Spirit   .    o - +4 shadow dragon scales
rPois   .          Reflect  .    (no helmet)
rElec   .          Harm     .    I - +2 cloak
rCorr   .          Rampage  .    (no gloves)
Will    +....                    R - +0 pair of boots
Stlth   ++++......               (no amulet)
HPRegen 0.42/turn                e - ring of protection from cold
MPRegen 0.18/turn                r - ring of the Octopus King {Fly HP+2 AC+2 EV+2 SH+2}

@: about to teleport, marked, flying, mesmerised, studying 2 skills, invisible,
very slow
A: no striking features
a: Renounce Religion, Bend Time, Temporal Distortion, Slouch, Step From Time


You were on level 1 of the Shoals.
You worshipped Cheibriados.
Cheibriados was exalted by your worship.
You visited 6 branches of the dungeon, and saw 21 of its levels.
You also visited: Trove.

You collected 1792 gold pieces.
You spent 1193 gold pieces at shops.

Inventory:

Hand Weapons
 a - the +6 shillelagh "Devastator" {shatter}
   (You found it on level 4 of the Dungeon)

   It releases a powerful concussive burst when it strikes, dealing extra damage
   to the target and all other creatures adjacent to them.
 b - the +8 hammer "Huacvor" (weapon) {vamp, rF++ rN+ Int+2}
   (You found it on level 6 of the Dungeon)

   It occasionally heals its wielder for a portion of the damage dealt when it
   wounds a living foe.
   Int:       It affects your intelligence (+2).
   rF:        It greatly protects you from fire.
   rN:        It protects you from negative energy.
 n - the +7 flail of Infinite Pain {vorpal, Will+ Str+5}
   (You bought it in a shop on level 2 of the Orcish Mines)

   It inflicts extra damage upon your enemies.
   Str:       It affects your strength (+5).
   Will:      It increases your willpower.
Missiles
 f - a silver boomerang
 h - 34 poisoned darts
 M - 2 throwing nets
 O - a curare-tipped dart
 P - 6 silver javelins
 U - 19 boomerangs (quivered)
Armour
 o - +4 shadow dragon scales (worn)
 I - a +2 cloak (worn)
 R - a +0 pair of boots (worn)
Jewellery
 e - a ring of protection from cold (left hand)
 r - a ring of the Octopus King (right hand) {Fly HP+2 AC+2 EV+2 SH+2}
   (You acquired it on level 5 of the Lair of Beasts)

   [ring of flight]

   AC:        It affects your AC (+2).
   EV:        It affects your evasion (+2).
   HP:        It affects your health (+2).
   Fly:       It grants you flight.
   SH:        It affects your SH (+2).
 u - a ring of protection from fire
 S - a ring of magical power
 V - a ring of see invisible
Wands
 w - a wand of mindburst (11)
 B - a wand of roots (18)
 C - a wand of polymorph (6)
 H - a wand of flame (20)
 K - a wand of acid (5)
 Z - a wand of paralysis (3)
Scrolls
 d - 7 scrolls of magic mapping {unknown}
 i - 4 scrolls of silence {unknown}
 j - 3 scrolls of blinking {unknown}
 m - 5 scrolls of vulnerability
 p - 7 scrolls of fear {unknown}
 t - 3 scrolls of poison
 v - 4 scrolls of amnesia
 x - 7 scrolls of immolation
 y - a scroll of noise {unknown}
 A - 2 scrolls of butterflies
 E - 5 scrolls of teleportation
 L - 2 scrolls of summoning
 N - 2 scrolls of brand weapon {unknown}
 Y - 3 scrolls of enchant weapon {unknown}
Potions
 c - 3 potions of lignification
 k - 7 potions of curing
 l - 2 potions of mutation
 q - 2 potions of brilliance {unknown}
 s - 2 potions of degeneration
 z - 2 potions of might {unknown}
 D - 2 potions of magic {unknown}
 F - 2 potions of invisibility
 G - a potion of berserk rage {unknown}
 J - 2 potions of attraction {unknown}
 Q - 3 potions of heal wounds {unknown}
 T - a potion of cancellation {unknown}
 W - a potion of resistance {unknown}
Miscellaneous
 g - a tin of tremorstones (2/2)


   Skills:
 - Level 14.0 Fighting
 - Level 6.2(12.1) Axes
 - Level 13.6(14.0) Maces & Flails
 + Level 3.6 Throwing
 - Level 12.0 Armour
 - Level 10.0 Dodging
 - Level 1.5 Stealth
 - Level 12.0 Invocations
 - Level 8.0 Evocations


You had 13 spell levels left.
You didn't know any spells.
Your spell library contained the following spells:

 Spells                   Type           Power      Damage    Failure   Level
 Apportation              Tloc           0%         N/A       36%         1
 Beastly Appendage        Tmut           0%         N/A       36%         1
 Necrotise                Necr           0%         1d4       36%         1
 Sandblast                Erth           0%         2d4       36%         1
 Shock                    Conj/Air       0%         1d3       36%         1
 Sting                    Tmut/Pois      0%         1d3       36%         1
 Summon Small Mammal      Summ           0%         N/A       36%         1
 Call Imp                 Summ           0%         N/A       50%         2
 Momentum Strike          Conj/Tloc      0%         3d8       50%         2
 Passwall                 Tmut/Erth      0%         N/A       50%         2
 Poisonous Vapours        Pois/Air       0%         N/A       50%         2
 Sublimation of Blood     Necr           0%         N/A       50%         2
 Wereblood                Tmut           0%         N/A       50%         2
 Call Canine Familiar     Summ           0%         N/A       73%         3
 Gell's Gravitas          Tloc           0%         N/A       73%         3
 Hailstorm                Conj/Ice       0%         3d3       73%         3
 Portal Projectile        Hex/Tloc       0%         N/A       73%         3
 Spider Form              Tmut/Pois      0%         N/A       73%         3
 Stone Arrow              Conj/Erth      0%         3d7       73%         3
 Swiftness                Air            0%         N/A       73%         3
 Teleport Other           Tloc           0%         N/A       73%         3
 Airstrike                Air            0%         2d(0-16)  98%         4
 Animate Dead             Necr           0%         N/A       98%         4
 Leda's Liquefaction      Hex/Erth       0%         N/A       98%         4
 Olgreb's Toxic Radiance  Pois           0%         N/A       98%         4
 Petrify                  Tmut/Erth      0%         N/A       98%         4
 Arcjolt                  Conj/Air       0%         1d10      100%        5
 Freezing Cloud           Conj/Ice/Air   0%         6-21      100%        5
 Irradiate                Conj/Tmut      0%         3d11      100%        5
 Conjure Ball Lightning   Conj/Air       0%         3x3d6     100%        6
 Dispersal                Tloc           0%         N/A       100%        6
 Simulacrum               Ice/Necr       0%         N/A       100%        6
 Haunt                    Necr/Summ      0%         N/A       100%        7
 Monstrous Menagerie      Summ           0%         N/A       100%        7
 Summon Hydra             Summ           0%         N/A       100%        7
 Infestation              Necr           0%         N/A       100%        8
 Polar Vortex             Ice            0%         N/A       100%        9


Dungeon Overview and Level Annotations

Branches:
Dungeon (11/15)            Temple (1/1) D:6            Lair (5/5) D:11
 Shoals (1/4) Lair:2       Spider (1/4) Lair:3        Slime (0/5) Lair:4
    Orc (2/2) D:9             Elf (0/3) Orc:2

Altars:
Ashenzari
Cheibriados
Dithmenos
Elyvilon
Fedhas
Gozag
Hepliaklqana
Kikubaaqudgha
Makhleb
Nemelex Xobeh
Okawaru
Qazlal
Ru
Sif Muna
Trog
Uskayaw
Vehumet
Wu Jian
Xom
Yredelemnul
Zin
The Shining One
Beogh
Jiyva
Lugonu

Shops:
D:9 *   Orc:2 (([(

Portals:
Abyss: Lair:5


Message History

The merfolk aquamancer hits you but does no damage.
You are poisoned.
The merfolk completely misses you. The harpy misses you.
The harpy barely misses you. The sea snake misses you.
The merfolk aquamancer completely misses you.
The water elemental closely misses you.
As you read the scroll of teleportation, it crumbles to dust.
You feel strangely unstable.
You feel sick. The harpy misses you. The harpy claws you but does no damage.
The harpy barely misses you. The harpy completely misses you.
The merfolk barely misses you. The wind drake flaps its wings at you.
* * * LOW HITPOINT WARNING * * *
The sea snake bites you but does no damage.
The merfolk aquamancer barely misses you.
A water nymph comes into view.
The merfolk barely misses you. The water elemental misses you.
The merfolk aquamancer points at you and mumbles some strange words.
The ball of steam hits you! You resist.
* * * LOW HITPOINT WARNING * * *
You feel better. The sea snake barely misses you.
The merfolk hits you but does no damage.
The merfolk siren chants its luring song.
The water elemental misses you.
The water nymph's watery aura covers the staircase back to the Lair.
The merfolk aquamancer points at you and mumbles some strange words.
The torrent of water misses you.
The torrent of water passes through the water elemental.
The torrent of water hits the merfolk!
The merfolk is knocked back by the torrent of water.
The merfolk collides with the merfolk siren!
The merfolk siren is moderately wounded.
The merfolk is severely wounded.
The wave splashes down.
The harpy completely misses you. The harpy barely misses you.
A wind drake comes into view.
The water elemental closely misses you. x2
The merfolk siren chants a haunting song.
The merfolk aquamancer gestures at you while chanting.
The torrent of water hits you!!!
You die...

~....~~~~~P...~PP≈≈≈≈~
~~~~~~~~.###†k~P≈≈≈≈~~
~~~~~~~~..##m..~PP≈≈~.
≈~~~~~~~~.#..~P~P~≈~~#
≈≈≈≈~~~~~t.....~~~≈~~.
≈≈≈≈≈~~~~mkm~~.~~P~~~~
≈≈≈≈≈~~~~HmEmm~^~~~≈~~
≈≈≈≈≈≈~~EmEEHP~~~P≈≈≈~
≈≈≈≈≈≈≈≈ES@H~~~~~≈≈≈≈
≈≈≈≈≈≈≈≈≈m~E~~≈≈≈≈≈≈
≈≈≈≈≈≈≈≈≈≈≈≈§≈≈≈≈≈≈
≈≈≈≈≈≈≈≈≈≈≈≈≈≈§≈≈≈≈
≈≈≈≈≈≈≈≈≈≈≈≈≈§≈≈§≈
≈≈≈≈≈≈≈≈≈≈≈≈≈≈≈≈≈≈
≈≈≈≈≈≈≈≈≈≈≈≈≈≈§≈≈≈
≈≈≈≈≈≈≈≈≈≈≈≈≈≈≈≈≈≈


You could see a sea snake (unable to see you), 2 merfolk aquamancers, a snapping
turtle (unable to see you), 2 wind drakes, 3 merfolk, 6 water elementals, 2
merfolk sirens, a water nymph (unable to see you) and 3 harpies.

Vanquished Creatures
  An orc warlord (Orc:2)
  A vault guard (D:10)
  A merfolk avatar (Shoals:1)
  2 two-headed ogres
  2 death yaks (Lair:5)
  Urug (D:10)
  2 thrashing horrors (Lair:5)
  5 orc high priests (Orc:2)
  Nergalle (D:10)
  Amaemon (Lair:3)
  A lindwurm (shapeshifter) (Lair:5)
  3 orc knights
  4 ugly things (Lair:5)
  9 orc sorcerers
  2 manticores (D:11)
  2 cyclopes
  6 black mambas
  Joseph (Lair:1)
  Maurice (D:8)
  A smoke demon (Lair:5)
  10 elephants
  An orange demon (Lair:3)
  11 cane toads
  3 torpor snails
  A rime drake (Lair:3)
  4 komodo dragons
  An ancient zyme (Lair:5)
  A meliai (shapeshifter) (Lair:5)
  A meliai (Lair:3)
  A polar bear (Lair:2)
  2 trolls (Orc:2)
  A wind drake (Shoals:1)
  23 blink frogs
  A snapping turtle (Lair:2)
  2 ynoxinuls (Lair:5)
  A shadow (D:10)
  A spriggan (shapeshifter) (Lair:5)
  2 wyverns
  2 wraiths (D:11)
  4 basilisks
  36 yaks
  5 redbacks (Spider:1)
  2 steam dragons
  A chaos spawn (Lair:5)
  13 small abominations (Lair:5)
  A large abomination (Lair:5)
  2 wargs (Orc:1)
  11 water moccasins
  A sky beast (D:7)
  31 orc warriors
  An ice beast (D:5)
  2 black bears
  19 wolves
  8 ogres
  4 centaurs
  4 phantoms
  4 kobold brigands
  A gnoll sergeant (Orc:1)
  3 scorpions
  11 bullfrogs
  A necrophage (D:6)
  5 wights (D:10)
  3 howler monkeys
  4 killer bees (Lair:3)
  7 electric eels (D:8)
  6 hounds
  A quasit (D:6)
  30 orc priests
  A jelly (D:7)
  Crazy Yiuf (D:6)
  A gnoll bouda (D:7)
  5 iguanas
  21 orc wizards
  4 hell rats (Lair:2)
  9 gnolls
  4 adders
  3 shadow imps (D:6)
  3 white imps (D:6)
  An ufetubus (D:6)
  2 worms (D:3)
  3 dart slugs
  78 orcs
  2 bats
  An endoplasm (D:2)
  A giant cockroach (D:1)
  A goblin (D:4)
  5 hobgoblins
  2 quokkas
  4 ball pythons
  3 frilled lizards
  23 kobolds
  7 rats (D:2)
522 creatures vanquished.

Vanquished Creatures (others)
  An orc priest (Orc:2)
  An orc (Orc:2)
  4 demonic plants (D:6)
  24 fungi
  24 plants
54 creatures vanquished.

Grand Total: 576 creatures vanquished

Notes
Turn   | Place    | Note
-------+----------+-------------------------------------------
     0 | D:1      | NinjaNoafa the Hill Orc Monk began the quest for the Orb.
     0 | D:1      | Reached XP level 1. HP: 19/19 MP: 1/1
   854 | D:1      | Reached XP level 2. HP: 27/27 MP: 2/2
   933 | D:2      | Reached skill level 1 in Armour
  1049 | D:2      | Reached skill level 4 in Fighting
  1240 | D:2      | Reached XP level 3. HP: 33/33 MP: 3/3
  2122 | D:3      | Got Kuofal's Exposition on Arcane Weapons
  2736 | D:4      | Noticed a black bear
  2759 | D:3      | Reached skill level 5 in Axes
  2759 | D:3      | Reached XP level 4. HP: 13/41 MP: 4/4
  2897 | D:3      | Killed a black bear
  2898 | D:3      | Reached skill level 5 in Fighting
  2898 | D:3      | Reached XP level 5. HP: 12/48 MP: 5/5
  3107 | D:4      | Reached XP level 6. HP: 17/56 MP: 6/6
  3658 | D:4      | Found the +6 shillelagh "Devastator" {shatter}
  3857 | D:5      | Entered Level 5 of the Dungeon
  3862 | D:4      | Identified a scroll of acquirement
  3878 | D:5      | Reached skill level 1 in Maces & Flails
  3881 | D:5      | Reached skill level 6 in Fighting
  3883 | D:5      | Reached XP level 7. HP: 61/63 MP: 7/7
  4265 | D:5      | Reached skill level 5 in Armour
  4270 | D:5      | Reached skill level 7 in Fighting
  4270 | D:5      | Reached XP level 8. HP: 73/73 MP: 8/8
  4613 | D:6      | Found a staircase to the Ecumenical Temple.
  4623 | Temple   | Entered the Ecumenical Temple
  4724 | Temple   | Became a worshipper of Cheibriados the Contemplative
  4724 | Temple   | Reached * piety under Cheibriados
  4724 | Temple   | Reached ** piety under Cheibriados
  4895 | D:6      | Noticed a wyvern
  4904 | D:6      | Killed a wyvern
  4905 | D:6      | Reached skill level 8 in Fighting
  4958 | D:6      | Found a sacrificial altar of Ru.
  4958 | D:6      | Found a burning altar of Makhleb.
  5142 | D:6      | Found a runed translucent door.
  5143 | D:6      | Noticed Crazy Yiuf
  5175 | D:6      | Reached XP level 9. HP: 81/81 MP: 9/9
  5413 | D:6      | Killed Crazy Yiuf
  5418 | D:6      | Identified the +8 hammer "Huacvor" {vamp, rF++ rN+ Int+2}
  5694 | D:7      | Reached *** piety under Cheibriados
  5712 | D:7      | Reached skill level 5 in Dodging
  6266 | D:8      | Reached skill level 1 in Invocations
  6275 | D:8      | Reached skill level 1 in Evocations
  6456 | D:8      | Reached skill level 5 in Maces & Flails
  6538 | D:8      | Reached **** piety under Cheibriados
  6855 | D:8      | Found a glowing golden altar of the Shining One.
  7015 | D:8      | Noticed Maurice
  7020 | D:8      | Killed Maurice
  7021 | D:8      | Reached XP level 10. HP: 79/88 MP: 12/12
  7302 | D:9      | Found Lexzonud's General Store.
  7308 | D:9      | Bought 3 scrolls of teleportation for 126 gold pieces
  7308 | D:9      | Bought a scroll of immolation for 56 gold pieces
  7308 | D:9      | Bought a scroll of identify for 28 gold pieces
  7308 | D:9      | Bought a scroll of summoning for 133 gold pieces
  7308 | D:9      | Bought a potion of ambrosia for 112 gold pieces
  7345 | D:9      | Reached skill level 5 in Invocations
  7457 | D:9      | Found a bloodstained altar of Trog.
  7616 | D:9      | Reached ***** piety under Cheibriados
  7652 | D:9      | Found a staircase to the Orcish Mines.
  7950 | D:10     | Entered Level 10 of the Dungeon
  7950 | D:10     | Noticed a two-headed ogre
  7993 | Orc:1    | Entered Level 1 of the Orcish Mines
  8274 | D:10     | Noticed Nergalle
  8315 | D:10     | Killed a two-headed ogre
  8316 | D:10     | Reached skill level 5 in Evocations
  8331 | D:10     | Found a hazy altar of Hepliaklqana.
  8342 | D:10     | Killed Nergalle
  8721 | D:10     | Found a shadowy altar of Dithmenos.
  8757 | D:10     | Reached XP level 11. HP: 94/94 MP: 16/16
  8850 | D:10     | Noticed a vault guard
  9040 | D:10     | Noticed Urug
  9049 | D:10     | Killed Urug
  9276 | D:10     | Found a portal to a secret trove of treasure.
  9349 | D:10     | Killed a vault guard
  9589 | D:10     | Identified the +2 robe of the Tormentor {-Tele Harm rF++}
  9589 | D:10     | Noticed a cyclops
  9593 | D:10     | Killed a cyclops
  9775 | D:10     | Found an ornate altar of the Wu Jian Council.
  9778 | D:10     | Found an opulent altar of Gozag.
  9946 | D:11     | Noticed a manticore
  9958 | D:11     | Killed a manticore
 10149 | D:11     | Noticed a manticore
 10153 | D:11     | Killed a manticore
 10154 | D:11     | Reached skill level 10 in Invocations
 10161 | D:11     | Noticed a cyclops
 10168 | D:11     | Killed a cyclops
 10169 | D:11     | Reached skill level 10 in Maces & Flails
 10211 | D:11     | Found a staircase to the Lair.
 10343 | Lair:1   | Entered Level 1 of the Lair of Beasts
 10532 | Lair:1   | Got the Verses on Called Outbursts
 10610 | Lair:1   | Noticed Joseph
 10621 | Lair:1   | Killed Joseph
 10835 | Lair:1   | Reached XP level 12. HP: 101/101 MP: 19/19
 11448 | Lair:2   | Reached ****** piety under Cheibriados
 11635 | Lair:2   | Found a staircase to the Shoals.
 12481 | Lair:2   | Reached skill level 9 in Fighting
 12866 | Lair:3   | Found a hole to the Spider Nest.
 13013 | Lair:3   | Noticed Amaemon
 13018 | Lair:3   | Reached XP level 13. HP: 99/111 MP: 21/21
 13021 | Lair:3   | Killed Amaemon
 13894 | D:10     | You paid a toll of 6 scrolls of butterflies to enter a
                  | treasure trove
 13895 | Trove    | Entered a treasure trove
 14304 | Lair:4   | Found a viscous altar of Jiyva.
 14304 | Lair:4   | Found a staircase to the Slime Pits.
 14464 | Lair:4   | Reached skill level 10 in Fighting
 14689 | D:9      | Bought a tin of tremorstones (2/2) for 560 gold pieces
 15189 | Lair:5   | Entered Level 5 of the Lair of Beasts
 15475 | Lair:5   | Reached skill level 10 in Armour
 15489 | Lair:5   | Reached skill level 11 in Fighting
 16178 | Lair:5   | Reached skill level 12 in Fighting
 16268 | Lair:5   | Reached XP level 14. HP: 106/127 MP: 23/23
 16320 | Lair:5   | Found a corrupted altar of Lugonu.
 16320 | Lair:5   | Found a one-way gate to the infinite horrors of the Abyss.
 16693 | Lair:5   | Reached skill level 13 in Fighting
 16878 | Lair:5   | Acquired a ring of the Octopus King {Fly HP+2 AC+2 EV+2
                  | SH+2}
 16878 | Lair:5   | Found the ring of the Octopus King {Fly HP+2 AC+2 EV+2
                  | SH+2}
 17357 | Orc:2    | Entered Level 2 of the Orcish Mines
 17713 | Orc:2    | Found a roughly hewn altar of Beogh.
 17718 | Orc:2    | Found Ewulorei's Antique Weapon Shoppe.
 17804 | Orc:2    | Reached skill level 14 in Fighting
 18643 | Orc:2    | Found a roughly hewn altar of Beogh.
 18954 | Orc:2    | Noticed an orc warlord
 18970 | Orc:2    | Killed an orc warlord
 18971 | Orc:2    | Reached skill level 10 in Dodging
 18971 | Orc:2    | Reached skill level 1 in Throwing
 19115 | Orc:2    | Found a roughly hewn altar of Beogh.
 19122 | Orc:2    | Found Aquz's Antique Weapon Emporium.
 19408 | Orc:2    | Found a roughly hewn altar of Beogh.
 19443 | Orc:2    | Found Keigried's Antique Armour Shoppe.
 19445 | Orc:2    | Found a roughly hewn altar of Beogh.
 19447 | Orc:2    | Found Ewkad Qeo's Antique Weapon Emporium.
 19559 | Orc:2    | Found a staircase to the Elven Halls.
 19771 | Orc:2    | Bought a faintly glowing flail for 178 gold pieces
 19771 | Orc:2    | Identified the +7 flail of Infinite Pain {vorpal, Will+
                  | Str+5} (You bought it in a shop on level 2 of the Orcish
                  | Mines)
 19988 | Spider:1 | Entered Level 1 of the Spider Nest
 20342 | Shoals:1 | Entered Level 1 of the Shoals
 20375 | Shoals:1 | Killed from afar by a merfolk aquamancer

Illustrated notes

Levels and vault maps discovered:
D:1:      dpeg_arrival_shelter, layout_loops_corners, corexii_hall_statues_l,
          minmay_misc_feat_columns, palyth_stone_intersect,
          wander_ebering_terrifying_dragon_lair
D:2:      layout_basic, minmay_strange_pillars, minmay_rat_gold_closets
D:3:      layout_basic
D:4:      layout_rooms
D:5:      cheibrodos_thug_alley, layout_cave_pools
D:6:      layout_loops_ring, jmf_multi_god_temple,
          minmay_temple_entry_sparse_star, serial_demonic, serial_demonic_g,
          serial_demonic_d, serial_demonic_d, serial_demonic_c,
          uniq_crazy_yiuf_cottage
D:7:      layout_rooms, serial_glass, glass_columns_b, glass_columns_b
D:8:      layout_rooms, tso_oasis_becter, kennysheep_boxes, uniq_maurice
D:9:      layout_basic, lightli_temple_of_fire, serial_shops,
          nicolae_square_shop
D:10:     layout_basic, nicolae_dithmenos_shadow_blocks,
          mainiacjoe_overflow_brackets, minitemple, enter_trove_5, minivault_4,
          uniq_nergalle, uniq_urug
D:11:     layout_irregular_city, lair_entry_dummy, serial_shops, shop,
          chequers_garden, uniq_sonja
Temple:   jpeg_temple_clearing
Lair:1:   layout_gridlike, patterned_corridor, grunt_megastairs_1, uniq_joseph
Lair:2:   layout_cave_pods, minmay_shoals_entry_hut, enter_volcano_1
Lair:3:   layout_loops_ring, hellmonk_spider_entry_not_the_bees,
          lemuel_fruit_fields, lemuel_fruit_fields, uniq_amaemon
Lair:4:   layout_roguey, dpeg_slime_entry_enclosed
Lair:5:   hellmonk_lair_end_abyssal_woods, layout_misc_corridors
Shoals:1: layout_shoals, serial_shops, shop
Spider:1: layout_spider_delve, gammafunk_ghost_tricky_traps, uniq_louise,
          uniq_josephine
Orc:1:    layout_caves
Orc:2:    grunt_orc_community_town_hall, layout_caves,
          grunt_orc_community_big_house_1, grunt_orc_community_big_house_1,
          grunt_orc_community_house_3, grunt_orc_community_house_2,
          grunt_orc_community_house_1, grunt_orc_community_house_3,
          grunt_orc_community_house_3, grunt_orc_community_house_1

Skill      XL: |  1  2  3  4  5  6  7  8  9 10 11 12 13 14 |
---------------+-------------------------------------------+-----
Armour         | 1 2 3 4 5 7 8 9 10 12 | 12.0
Fighting       | 4 5 6 7 8 9 12 14 | 14.0
Axes           | 5 6 |  6.2
Maces & Flails | 2 3 4 5 8 12 13 | 13.6
Dodging        | 3 6 8 10 | 10.0
Invocations    | 3 7 10 11 12 | 12.0
Evocations     | 2 5 6 8 |  8.0
Throwing       | 3 |  3.6
Stealth        | |  1.5

Action                   |  1- 3 |  4- 6 |  7- 9 | 10-12 | 13-15 || total
-------------------------+-------+-------+-------+-------+-------++-------
Melee: Hand axe          |   108 |    61 |       |       |       ||   169
       Shillelagh        |       |     9 |   131 |   294 |   440 ||   874
       Mace              |       |       |    23 |    10 |    12 ||    45
       Punch             |       |       |     1 |     2 |    10 ||    13
       Flail             |       |       |       |       |    10 ||    10
Throw: Dart              |       |     9 |    16 |     4 |       ||    29
       Boomerang         |       |       |       |       |    43 ||    43
Invok: Temporal Distorti |       |       |       |       |     1 ||     1
Evoke: Wand              |       |       |     7 |     1 |     5 ||    13
       Tin of tremorston |       |       |       |       |     1 ||     1
  Use: Potion            |       |     1 |       |     1 |     6 ||     8
       Scroll            |       |     6 |     7 |     2 |     7 ||    22
 Stab: Sleeping          |     9 |     1 |     4 |     9 |     4 ||    27
       Paralysed         |       |       |       |       |     4 ||     4
Armor: Scale mail        |    11 |       |       |       |       ||    11
       Robe              |     2 |       |       |       |       ||     2
       Shadow dragon sca |    38 |    80 |   105 |   201 |   253 ||   677
Dodge: Dodged            |    41 |    44 |    82 |   296 |   612 ||  1075
Block: Other             |       |       |       |       |    25 ||    25

Table legend: (Time is in decaauts)
 A = Elapsed time spent in this place.
 B = Non-inter-level travel time spent in this place.
 C = Inter-level travel time spent in this place.
 D = Time resting spent in this place.
 E = Time spent auto-exploring this place.
 F = Levels seen in this place.
 G = Mean time per level.
                   A        B        C        D        E       F      G
               +--------+--------+--------+--------+--------+-----+--------+
         Total |  28830 |  25295 |   3535 |    520 |  20575 |  22 | 1310.5 |
       Dungeon |  14470 |  12196 |   2274 |    520 |   9854 |  11 | 1315.5 |
        Temple |    134 |     72 |     62 |      0 |     58 |   1 |  134.0 |
          Lair |   9850 |   8979 |    871 |      0 |   7640 |   5 | 1970.0 |
        Shoals |     37 |     37 |      0 |      0 |      0 |   1 |   37.0 |
   Spider Nest |     25 |     25 |      0 |      0 |      0 |   1 |   25.0 |
  Orcish Mines |   4149 |   3824 |    325 |      0 |   2915 |   2 | 2074.5 |
         Trove |    160 |    160 |      0 |      0 |    107 |   1 |  160.0 |
               +--------+--------+--------+--------+--------+-----+--------+

Top non-repeatable levels by time:
    D:10: 3320 daAuts
  Lair:2: 2784 daAuts
   Orc:2: 2764 daAuts
  Lair:5: 2338 daAuts
     D:9: 1918 daAuts
  Lair:3: 1658 daAuts
  Lair:1: 1632 daAuts
     D:8: 1442 daAuts
  Lair:4: 1436 daAuts
   Orc:1: 1385 daAuts
    D:11: 1244 daAuts
     D:3: 1143 daAuts
     D:6: 1131 daAuts
     D:2: 1076 daAuts
     D:1: 902 daAuts
